 Seeded DCSS version 0.29-a0-923-g6e406bff71 (webtiles) character file.

Game seed: 20220728 (custom seed)

5568 purpskrrrp the Carver (level 11, -4/72 HPs)
             Began as a Human Monk on July 28, 2022.
             Was the Champion of Hepliaklqana.
             Slain by Amaemon
             ... wielding a +1 demon whip of venom
              (12 damage)
             ... on level 1 of the Lair of Beasts.
             The game lasted 00:38:34 (10161 turns).

purpskrrrp the Carver (Human Monk)                 Turns: 10161, Time: 00:38:36

Health: -4/72      AC:  4    Str: 21 (22) XL:     11   Next: 2%
Magic:  9/9        EV: 18    Int:  7 (9)  God:    Hepliaklqana [******]
Gold:   417        SH:  0    Dex: 34      Spells: 10/10 levels left

rFire   . . .      SeeInvis .   w - +2 long sword (holy)
rCold   . . .      Faith    +   (no shield)
rNeg    . . .      Spirit   .   B - +0 robe of Midnight {-Cast Harm Slay+5}
rPois   .          Reflect  .   o - +1 helmet
rElec   .          Harm     +   (no cloak)
rCorr   .          Rampage  .   z - -1 pair of gloves "Sufiuck" {Dex+9 Slay+3}
Will    .....      NoCast   +   (no boots)
Stlth   +++++.....              H - amulet of faith
HPRegen 0.22/turn               s - +6 ring of dexterity
MPRegen 0.11/turn               A - +6 ring of strength

@: unable to read
A: reduced essence, deterioration 1, low MP 1, strong 1, inability to read while
threatened 1
a: Renounce Religion, Recall Ancestor, Ancestor Identity, Transference, Idealise


You were on level 1 of the Lair of Beasts.
You worshipped Hepliaklqana.
Hepliaklqana was exalted by your worship.
You visited 2 branches of the dungeon, and saw 9 of its levels.
You also visited: Sewer.

You collected 417 gold pieces.

Inventory:

Hand Weapons
 a - a +0 vorpal falchion
 q - a +1 falchion of holy wrath
 w - a +2 long sword of holy wrath (weapon)
 x - a +1 vorpal great sword
 y - a +2 falchion of freezing
 C - the +11 hand axe of Mourning {protect, rElec rPois Will+}
   (You found it on level 7 of the Dungeon)

   It grants its wielder temporary protection when it strikes (+7 to AC).
   rElec:     It insulates you from electricity.
   rPois:     It protects you from poison.
   Will:      It increases your willpower.
Missiles
 e - 12 boomerangs
 j - 49 poisoned darts
 l - 3 javelins
 F - 3 curare-tipped darts
Armour
 b - a +0 robe
 h - a +1 scale mail of fire resistance
 o - a +1 helmet (worn)
 t - +2 acid dragon scales
 z - the -1 pair of gloves "Sufiuck" (worn) {Dex+9 Slay+3}
   (You acquired it on level 8 of the Dungeon)

   Dex:       It affects your dexterity (+9).
   Slay:      It affects your accuracy & damage with ranged weapons and melee
   (+3).
 B - the +0 robe of Midnight (worn) {-Cast Harm Slay+5}
   (You found it on level 7 of the Dungeon)

   Slay:      It affects your accuracy & damage with ranged weapons and melee
   (+5).
   -Cast:     It prevents spellcasting.
   Harm:      It increases damage dealt and taken.
Jewellery
 k - a ring of protection from fire
 s - a +6 ring of dexterity (left hand)
 A - a +6 ring of strength (right hand)
 D - a ring of positive energy
 H - an amulet of faith (around neck)
Wands
 f - a wand of roots (13)
 i - a wand of digging (4)
 r - a wand of charming (3) (quivered)
Scrolls
 n - 2 scrolls of silence
 p - a scroll of identify
 u - 3 scrolls of fear
 E - a scroll of amnesia
 I - a scroll of magic mapping
 J - a scroll of noise {unknown}
 K - a scroll of enchant weapon
Potions
 c - a potion of ambrosia
 d - 2 potions of invisibility
 m - a potion of curing
 v - a potion of haste
 G - a potion of degeneration


   Skills:
 + Level 5.3 Fighting
 + Level 10.3 Long Blades
 * Level 5.6 Axes
 + Level 0.8 Throwing
 - Level 5.1 Armour
 + Level 5.3 Dodging
 + Level 7.5 Stealth
 + Level 0.8 Evocations


You had 10 spell levels left.
You didn't know any spells.
Your spell library contained the following spells:

 Spells                   Type           Power      Damage    Failure   Level
 Poisonous Vapours        Pois/Air       0%         N/A       56%         2
 Animate Dead             Necr           0%         N/A       99%         4
 Corpse Rot               Necr/Pois/Air  0%         N/A       99%         4
 Freezing Cloud           Conj/Ice/Air   0%         6-21      100%        5
 Starburst                Conj/Fire      0%         6d3       100%        6
 Haunt                    Necr/Summ      0%         N/A       100%        7
 Infestation              Necr           0%         N/A       100%        8


Dungeon Overview and Level Annotations

Branches:
Dungeon (8/15)             Temple (0/1) D:6            Lair (1/5) D:8
  Sewer (visited)

Altars:
Dithmenos
Fedhas
Hepliaklqana
Ru
Trog
Vehumet
Zin

Shops:
D:5 (([*(

Annotations:
D:3 3 runed translucent doors, Caestello's ghost, amateur KoHu
Lair:1 Amaemon


Innate Abilities, Weirdness & Mutations

Your life essence is reduced to manifest your ancestor. (-10% HP)
Your body sometimes deteriorates upon taking damage.
Your magical capacity is low. (-10% MP)
Your muscles are strong. (Str +4, Int/Dex -1)
You occasionally lose the ability to read scrolls when taking damage.


Message History

The scorpion stings you but does no damage.
The orange demon stings you from afar.
Thulani points at the orange demon and mumbles some strange words.
The puff of frost hits the scorpion!
The scorpion dies!
The scorpion's corpse disappears in a puff of smoke!
Amaemon mumbles some strange words.
You hit Amaemon but do no damage.
Amaemon is almost dead.
The scorpion closely misses you. The orange demon stings you from afar.
You are lethally poisoned!
The orange demon poisons you!
Amaemon hits you with a +1 demon whip of venom!
You feel threatened and lose the ability to read scrolls!
* * * LOW HITPOINT WARNING * * *
Amaemon claws you.
* * * LOW HITPOINT WARNING * * *
Amaemon closely misses you. The scorpion completely misses you.
The scorpion stings you.
* * * LOW HITPOINT WARNING * * *
You feel much better.
You feel extremely sick. The scorpion stings you!
* * * LOW HITPOINT WARNING * * *
Your body deteriorates!
You feel weakened. The scorpion stings you.
* * * LOW HITPOINT WARNING * * *
The orange demon stings you from afar.
* * * LOW HITPOINT WARNING * * *
You are more poisoned.
The orange demon poisons you!
Amaemon points at the scorpion and mumbles some strange words.
The scorpion seems to grow toxic.
You feel better. The scorpion stings you.
* * * LOW HITPOINT WARNING * * *
The scorpion stings you.
* * * LOW HITPOINT WARNING * * *
The orange demon barely misses you.
Amaemon hits you with a +1 demon whip of venom!
You die...

#...+ .P ...# .. #P.##
###+#.# ##...# #......
#######.#.+# #......
#........... #....(s
#...........
.....s6######...........
#....4s@R...'...........
#.....s###.##...........
####+## #####^##.+#####
#####.# .# .# ####
###### ## >.
.#...#...###+P#..... +.#
#.#.#...#.#.#..........


You could see the friendly Thulani the battlemage, Amaemon, an orange demon
(ally target) and 4 scorpions.

Vanquished Creatures
  A cane toad (Lair:1)
  3 yaks (D:8)
  A steam dragon (D:8)
  3 water moccasins
  A black bear (D:8)
  3 sky beasts
  A centaur (D:6)
  3 kobold brigands
  A phantom (D:5)
  Blork the orc (D:6)
  2 bullfrogs
  A scorpion (D:5)
  4 wights (D:6)
  A howler monkey (D:8)
  3 orc priests
  4 hounds (D:5)
  2 jellies
  A gnoll bouda (D:8)
  4 iguanas
  5 orc wizards
  8 gnolls
  7 adders
  A river rat (Sewer)
  A worm (Sewer)
  10 orcs
  3 bats
  7 endoplasms
  2 giant cockroaches
  2 goblins
  3 hobgoblins
  A jackal (D:5)
  9 kobolds
  A quokka (D:1)
  5 ball pythons
  4 rats
109 creatures vanquished.

Vanquished Creatures (collateral kills)
  An elephant (D:8)
  Prince Ribbit (D:6)
  A hornet (D:7)
  2 wyverns (D:8)
  A steam dragon (D:7)
  Eustachio (D:4)
  2 yaks (D:8)
  An acid dragon (D:4)
  A water moccasin (D:6)
  3 kobold brigands (Sewer)
  A bullfrog (D:6)
  A scorpion (D:4)
  A howler monkey (D:8)
  A hound (D:5)
  3 orc priests
  2 orc wizards
  3 gnolls
  4 adders
  A river rat (Sewer)
  A white imp (D:7)
  2 worms (D:6)
  14 orcs
  4 endoplasms
  A giant cockroach (D:4)
  4 hobgoblins
  3 jackals (D:5)
  A quokka (D:3)
  2 ball pythons
  3 goblins
  6 kobolds
  4 rats (Sewer)
76 creatures vanquished.

Vanquished Creatures (others)
  A basilisk (D:8)
  2 battlemagi
  A kobold (D:8)
  6 fungi
  2 plants (D:8)
12 creatures vanquished.

Grand Total: 197 creatures vanquished

Notes
Turn   | Place    | Note
-------+----------+-------------------------------------------
     0 | D:1      | purpskrrrp the Human Monk began the quest for the Orb.
     0 | D:1      | Reached XP level 1. HP: 18/18 MP: 1/1
   342 | D:1      | Reached XP level 2. HP: 24/24 MP: 2/2
   439 | D:1      | Found a faded altar of an unknown god.
  1479 | D:1      | Prayed at the altar of an unknown god.
  1479 | D:1      | Became a worshipper of Hepliaklqana the Forgotten
  1479 | D:1      | Reached * piety under Hepliaklqana
  1479 | D:1      | Reached ** piety under Hepliaklqana
  1480 | D:1      | Remembered your ancestor Thulani as a battlemage
  1702 | D:2      | Reached *** piety under Hepliaklqana
  1764 | D:2      | Reached XP level 3. HP: 26/26 MP: 3/3
  2128 | D:2      | Reached XP level 4. HP: 8/31 MP: 4/4
  2133 | D:2      | Reached skill level 4 in Long Blades
  2572 | D:3      | Noticed a kobold brigand
  2960 | D:3      | Found a runed translucent gate.
  2960 | D:3      | Found a runed translucent gate.
  2960 | D:3      | Found a runed translucent gate.
  2963 | D:3      | Noticed Caestello's ghost (amateur KoHu)
  2975 | D:3      | Reached **** piety under Hepliaklqana
  3226 | D:4      | Noticed a scorpion
  3232 | D:4      | Killed a scorpion
  3233 | D:4      | Reached skill level 1 in Armour
  3233 | D:4      | Reached XP level 5. HP: 23/36 MP: 5/5
  3540 | D:4      | Noticed Eustachio
  3552 | D:4      | Killed Eustachio
  3553 | D:4      | Reached skill level 5 in Long Blades
  3553 | D:4      | Reached XP level 6. HP: 38/42 MP: 6/6
  3600 | D:4      | Reached XP level 7. HP: 18/46 MP: 7/7
  3944 | D:4      | Found a bloodstained altar of Trog.
  4000 | D:4      | Noticed an acid dragon
  4009 | D:4      | Killed an acid dragon
  4270 | D:4      | Reached skill level 6 in Long Blades
  4351 | D:5      | Entered Level 5 of the Dungeon
  4403 | D:5      | You fall into a shaft and drop 2 floors!
  4423 | D:7      | Noticed a steam dragon
  4433 | D:7      | Killed a steam dragon
  4702 | D:6      | Reached XP level 8. HP: 50/52 MP: 8/8
  4766 | D:6      | Found a glowing drain.
  4782 | Sewer    | Entered a sewer
  5276 | Sewer    | Reached skill level 7 in Long Blades
  5414 | Sewer    | Gained mutation: Your magical capacity is low. (-10% MP)
                  | [potion of mutation]
  5414 | Sewer    | Gained mutation: You occasionally lose the ability to read
                  | scrolls when taking damage. [potion of mutation]
  5414 | Sewer    | Gained mutation: Your body sometimes deteriorates upon
                  | taking damage. [potion of mutation]
  5414 | Sewer    | Gained mutation: Your muscles are strong. (Str +4, Int/Dex
                  | -1) [potion of mutation]
  5474 | D:6      | Reached skill level 5 in Stealth
  5499 | D:6      | Found a staircase to the Ecumenical Temple.
  5513 | D:6      | Noticed Blork the orc
  5532 | D:6      | Killed Blork the orc
  5533 | D:6      | Reached XP level 9. HP: 42/58 MP: 8/8
  5764 | D:6      | Noticed Prince Ribbit
  5775 | D:6      | Killed Prince Ribbit
  5776 | D:6      | Reached skill level 8 in Long Blades
  6368 | D:6      | Reached ***** piety under Hepliaklqana
  6417 | D:6      | Reached skill level 5 in Armour
  6492 | D:6      | Found a glowing silver altar of Zin.
  6495 | D:6      | Found a sacrificial altar of Ru.
  6496 | D:6      | Found a blossoming altar of Fedhas.
  6498 | D:6      | Found a radiant altar of Vehumet.
  6795 | D:5      | Reached skill level 9 in Long Blades
  7046 | D:5      | Found Ygguceiluo's Armour Shop.
  7048 | D:5      | Found Himuushro's Weapon Boutique.
  7083 | D:5      | Found Ytogiy Teib's Assorted Antiques.
  7110 | D:5      | Found Hisiniz's Antique Weapon Boutique.
  7283 | D:5      | Found Weocob's Antique Weapon Shoppe.
  7853 | D:7      | Identified the +11 hand axe of Mourning {protect, rElec
                  | rPois Will+}
  7856 | D:7      | Identified the +0 robe of Midnight {-Cast Harm Slay+5}
  8054 | D:7      | Noticed a hornet
  8064 | D:7      | Killed a hornet
  8065 | D:7      | Reached skill level 1 in Axes
  8065 | D:7      | Reached XP level 10. HP: 30/65 MP: 9/9
  8654 | D:8      | Reached skill level 10 in Long Blades
  8663 | D:8      | Reached skill level 5 in Fighting
  8672 | D:8      | Reached skill level 5 in Dodging
  8840 | D:8      | Identified a scroll of acquirement
  8841 | D:8      | Acquired the -1 pair of gloves "Sufiuck" {Dex+9 Slay+3}
  8912 | D:8      | Found a staircase to the Lair.
  8912 | D:8      | Noticed an elephant
  8989 | D:8      | Killed an elephant
  9127 | D:8      | Got the Handbook of Arcane Weapons
  9271 | D:8      | Reached skill level 5 in Axes
  9631 | Lair:1   | Entered Level 1 of the Lair of Beasts
  9798 | Lair:1   | Noticed a cane toad
  9805 | Lair:1   | Killed a cane toad
  9806 | Lair:1   | Reached XP level 11. HP: 45/72 MP: 9/9
  9992 | Lair:1   | Found a shadowy altar of Dithmenos.
 10132 | Lair:1   | Reached ****** piety under Hepliaklqana
 10146 | Lair:1   | Noticed Amaemon
 10161 | Lair:1   | Slain by Amaemon

Illustrated notes

Levels and vault maps discovered:
D:1:      dpeg_arrival_erosion, layout_basic, ebering_ecumenical_altar_abandoned
D:2:      layout_basic
D:3:      layout_loops_ring, gammafunk_ghost_nasty_kobolds
D:4:      layout_gridville, lemuel_tele_altar, st_stairs_3, uniq_eustachio
D:5:      minmay_evil_eye, layout_basic, serial_shops, nicolae_diamond_shop,
          shop_fountains, shop, shop, nicolae_shop_advertising_works
          [nicolae_subvault_shop_adworks]
D:6:      layout_basic, minitemple, minmay_temple_entry_mist,
          cheibrodos_sewer_entry_bend, uniq_blork_the_orc, uniq_prince_ribbit1
D:7:      layout_gridville, serial_glass, glass_columns_a, glass_columns_a,
          hangedman_abyss_or_decor_passed
D:8:      layout_basic, david_lair_generic
Lair:1:   layout_roguey, basic_altar, uniq_amaemon

Skill      XL: |  1  2  3  4  5  6  7  8  9 10 |
---------------+-------------------------------+-----
Long Blades    | 4 5 6 7 9 10 | 10.3
Stealth        | 3 4 5 6 7 |  7.5
Armour         | 1 2 3 4 5 |  5.1
Dodging        | 4 5 |  5.3
Fighting       | 4 5 |  5.3
Axes           | 1 5 |  5.6
Throwing       | |  0.8
Evocations     | |  0.8

Action                   |  1- 3 |  4- 6 |  7- 9 | 10-12 || total
-------------------------+-------+-------+-------+-------++-------
Melee: Falchion          |    58 |    35 |   142 |       ||   235
       Punch             |       |     1 |     1 |     2 ||     4
       Great sword       |       |       |    34 |       ||    34
       Long sword        |       |       |    14 |     6 ||    20
       Hand axe          |       |       |     6 |    61 ||    67
Throw: Dart              |       |     1 |     1 |     4 ||     6
Invok: Ancestor Life: Ba |     1 |       |       |       ||     1
       Recall Ancestor   |       |       |     1 |     1 ||     2
Evoke: Wand              |       |       |       |     7 ||     7
  Use: Scroll            |     3 |     8 |     8 |     6 ||    25
       Potion            |       |     1 |     3 |     5 ||     9
 Stab: Sleeping          |     4 |       |     6 |       ||    10
       Distracted        |       |     1 |     7 |     1 ||     9
Armor: Robe              |     8 |       |       |    14 ||    22
       Scale mail        |    14 |    11 |     9 |       ||    34
       Acid dragon scale |       |       |    48 |       ||    48
Dodge: Dodged            |    27 |    16 |   116 |    61 ||   220

Table legend: (Time is in decaauts)
 A = Elapsed time spent in this place.
 B = Non-inter-level travel time spent in this place.
 C = Inter-level travel time spent in this place.
 D = Time resting spent in this place.
 E = Time spent auto-exploring this place.
 F = Levels seen in this place.
 G = Mean time per level.
                   A        B        C        D        E       F      G
               +--------+--------+--------+--------+--------+-----+--------+
         Total |  10364 |   9646 |    718 |   1823 |   6232 |  10 | 1036.4 |
       Dungeon |   9039 |   8329 |    710 |   1669 |   5337 |   8 | 1129.9 |
          Lair |    528 |    521 |      7 |    154 |    322 |   1 |  528.0 |
         Sewer |    796 |    796 |      0 |      0 |    572 |   1 |  796.0 |
               +--------+--------+--------+--------+--------+-----+--------+

Top non-repeatable levels by time:
     D:1: 1539 daAuts
     D:6: 1451 daAuts
     D:4: 1210 daAuts
     D:7: 1127 daAuts
     D:8: 1076 daAuts
     D:2: 1018 daAuts
     D:5: 1001 daAuts
   Sewer: 796 daAuts
     D:3: 614 daAuts
  Lair:1: 528 daAuts
